 Dungeon Crawl Stone Soup version 0.28.0-43-g3370ac3207 (webtiles) character file.

Game seed: 7870988963874502067

23005 crimpus the Cleaver (level 12, 0/184 HPs)
             Began as a Minotaur Berserker on Mar 17, 2022.
             Was an Elder of Trog.
             Killed by vampiric draining
             ... invoked by a vampire
              (11 damage)
             ... on level 12 of the Dungeon on Mar 18, 2022.
             The game lasted 00:27:57 (18912 turns).

crimpus the Cleaver (Minotaur Berserker)           Turns: 18912, Time: 00:27:57

Health: 0/184      AC: 24    Str: 31    XL:     12   Next: 68%
Magic:  8/8        EV:  9    Int:  4    God:    Trog [****..]
Gold:   675        SH: 17    Dex: 12    Spells: 11/11 levels left

rFire   . . .      SeeInvis .   a - +0 hand axe
rCold   + . .      Faith    .   z - +1 tower shield
rNeg    . . .      Spirit   .   D - +0 crystal plate armour {rC+}
rPois   .          Reflect  .   (helmet restricted)
rElec   .          Harm     .   t - +0 cloak
rCorr   .          Rampage  .   (no gloves)
Will    +....                   (no boots)
Stlth   ..........              p - amulet of the acrobat
HPRegen 0.40/turn               y - +6 ring of strength
MPRegen 0.11/turn               G - +4 ring of evasion

@: berserking (expiring), very quick
A: horns 2, retaliatory headbutt, low MP 2, strong-willed 1, robust 1
a: Renounce Religion, Berserk, Trog's Hand, Brothers in Arms


You were on level 12 of the Dungeon.
You worshipped Trog.
Trog was greatly pleased with you.
You visited 1 branch of the dungeon, and saw 12 of its levels.
You also visited: Sewer and Ice Cave.

You collected 675 gold pieces.

Inventory:

Hand Weapons
 a - a +0 hand axe (weapon)
 c - a +0 executioner's axe of freezing
 q - a +1 flail of holy wrath
 F - the +3 battleaxe of Ragnarok {vorpal, Int+3}
   (You found it in an ice cave)

   It inflicts extra damage upon your enemies.
   Int:       It affects your intelligence (+3).
 H - a +3 flail of protection
Armour
 t - a +0 cloak (worn)
 z - a +1 tower shield (worn)
 D - a +0 crystal plate armour of cold resistance (worn)
Jewellery
 p - an amulet of the acrobat (around neck)
 w - a ring of flight
 y - a +6 ring of strength (left hand)
 B - a ring of poison resistance
 G - a +4 ring of evasion (right hand)
 J - a ring of ice
Wands
 k - a wand of polymorph (8)
 v - a wand of flame (8)
 x - a wand of mindburst (5)
 A - a wand of paralysis (5)
Scrolls
 b - a scroll of vulnerability
 g - 2 scrolls of fear
 l - a scroll of blinking
 n - 4 scrolls of fog
 s - a scroll of teleportation
 u - a scroll of holy word {unknown}
 C - 3 scrolls of identify
Potions
 d - a potion of brilliance
 e - 3 potions of flight
 f - 2 potions of lignification
 h - a potion of berserk rage
 i - a potion of curing
 j - 2 potions of magic
 m - a potion of heal wounds
 o - a potion of degeneration
 r - a potion of might
 E - a potion of mutation
Miscellaneous
 I - a phantom mirror


   Skills:
 + Level 12.1 Fighting
 + Level 14.7 Axes
 + Level 13.4 Armour
 - Level 2.3 Dodging
 + Level 11.9 Shields


You had 11 spell levels left.
You didn't know any spells.
Your spell library was empty.

Dungeon Overview and Level Annotations

Branches:
Dungeon (12/15)              Lair (0/6) D:8             Orc (0/2) D:10
  Sewer (visited)           IceCv (visited)
 Temple: D:4-7

Altars:
Cheibriados
Kikubaaqudgha
Nemelex Xobeh
Okawaru
Uskayaw
Wu Jian
Lugonu

Shops:
D:4 (

Portals:
Abyss: D:6


Innate Abilities, Weirdness & Mutations

You have a pair of horns on your head.
You reflexively headbutt those who attack you in melee.
Your magical capacity is very low. (-20% MP)
You are strong-willed. (Will+)
You are robust. (+10% HP)


Message History

Something draws life force from you!!
You hit something. Your headbutt misses something. Something hits you.
Something bites you but does no damage.
You completely miss something. Your headbutt misses something.
You block something's attack. Something bites you but does no damage.
You hit something. Your headbutt misses something.
You block something's attack. Something bites you!
Something draws strength from your injuries!
A red film seems to cover your vision as you go berserk!
You feel yourself moving faster!
You feel mighty! Something hits you but does no damage.
Something bites you but does no damage.
You closely miss something. Your headbutt misses something. You miss something.
You headbutt something! Something hits you but does no damage.
Something bites you but does no damage.
You hit something. You barely miss something. Something hits you.
* * * LOW HITPOINT WARNING * * *
Something bites you.
* * * LOW HITPOINT WARNING * * *
Something draws strength from your injuries!
You hit something but do no damage. You miss something.
Something draws life force from you!
* * * LOW HITPOINT WARNING * * *
You miss something. You block something's attack.
Something bites you but does no damage.
You closely miss something. You slash something!
Something hits you but does no damage. Something bites you.
* * * LOW HITPOINT WARNING * * *
Something draws strength from your injuries!
You closely miss something. You slash something!
Your headbutt misses something. Something draws life force from you!
* * * LOW HITPOINT WARNING * * *
You hit something. Something draws life force from you!
* * * LOW HITPOINT WARNING * * *
You barely miss something. You slash something! Your headbutt misses something.
Something draws life force from you!
You die...

##.# #...#.# ...
......## ###.###...#..##
.............#### ##
#..............
.#######)............
.'.............#.#.#####
.#######..##.....{......
.'..............@.......
.#######..##............
.#######..##..###.......
..............# .......
.#######..###.# #+#####
.# #... ..# .#######
#.#### ........ #.##<#
.####### #. #.#


There were no monsters in sight!

Vanquished Creatures
  A hydra (D:8)
  An ironbound frostheart (IceCv)
  3 death yaks (IceCv)
  2 two-headed ogres
  2 death knights
  A phantasmal warrior (D:11)
  2 gargoyles
  An ice statue (IceCv)
  A freezing wraith (D:11)
  Psyche (D:11)
  10 polar bears (IceCv)
  A troll (D:10)
  Eustachio (D:5)
  2 wraiths (D:11)
  31 yaks
  Grum (D:11)
  2 wyverns
  2 acid dragons (D:10)
  2 water moccasins
  Duvessa (D:4)
  An ice beast (D:8)
  5 orc warriors
  3 sky beasts
  5 black bears
  20 wolves
  A phantom (D:6)
  5 centaurs
  Blork the orc (D:4)
  6 kobold brigands
  2 gnoll sergeants
  4 bullfrogs
  A water moccasin zombie (D:3)
  2 scorpions
  2 two-headed ogre simulacra (D:11)
  Dowan (D:4)
  A killer bee (D:8)
  14 wights
  3 electric eels (D:10)
  10 howler monkeys
  A hound (D:5)
  4 centaur zombies
  8 orc priests
  A jelly (D:8)
  An iguana (D:4)
  A scorpion zombie (D:5)
  8 orc wizards
  3 troll simulacra (D:11)
  A killer bee zombie (D:8)
  12 adders
  16 gnolls
  A river rat (D:4)
  3 ufetubi
  An adder skeleton (D:4)
  3 worms
  A dart slug (D:4)
  50 orcs
  8 ball pythons
  9 endoplasms
  14 giant cockroaches
  6 hobgoblins
  4 jackals
  11 quokkas
  9 bats
  11 frilled lizards
  4 goblins
  25 kobolds
  10 rats
381 creatures vanquished.

Vanquished Creatures (others)
  A lurking horror (D:6)
  9 plants (D:6)
10 creatures vanquished.

Grand Total: 391 creatures vanquished

Notes
Turn   | Place    | Note
-------+----------+-------------------------------------------
     0 | D:1      | crimpus the Minotaur Berserker began the quest for the Orb.
     0 | D:1      | Reached XP level 1. HP: 19/19 MP: 0/0
   457 | D:1      | Reached skill level 4 in Axes
   463 | D:1      | Reached XP level 2. HP: 24/27 MP: 1/1
   603 | D:1      | Found a faded altar of an unknown god.
   651 | D:1      | Reached ** piety under Trog
   981 | D:2      | Reached XP level 3. HP: 20/33 MP: 2/2
  1479 | D:2      | Reached skill level 5 in Axes
  1479 | D:2      | Reached XP level 4. HP: 41/41 MP: 3/3
  1877 | D:3      | Reached skill level 5 in Fighting
  1877 | D:3      | Reached XP level 5. HP: 30/48 MP: 4/4
  2016 | D:3      | Reached skill level 6 in Axes
  2146 | D:3      | Identified the +0 leather armour of the Wasteland {Rampage}
  2315 | D:3      | Reached *** piety under Trog
  2597 | D:3      | Reached XP level 6. HP: 46/56 MP: 5/5
  2994 | D:3      | Reached skill level 7 in Axes
  3222 | D:4      | Found a glowing drain.
  3265 | Sewer    | Entered a sewer
  3434 | Sewer    | Reached **** piety under Trog
  3942 | D:4      | Noticed Blork the orc
  3950 | D:4      | Killed Blork the orc
  3951 | D:4      | Reached XP level 7. HP: 62/62 MP: 6/6
  4052 | D:4      | Reached skill level 8 in Axes
  4167 | D:4      | Noticed Duvessa
  4167 | D:4      | Noticed Dowan
  4186 | D:4      | Killed Duvessa
  4190 | D:4      | Killed Dowan
  4325 | D:4      | Found Riffeesan's Antique Weapon Shop.
  4371 | D:4      | Reached skill level 5 in Armour
  5091 | D:5      | Entered Level 5 of the Dungeon
  5137 | D:5      | Found an ornate altar of the Wu Jian Council.
  5579 | D:5      | Found an ancient bone altar of Kikubaaqudgha.
  5582 | D:5      | Found a hide-covered altar of Uskayaw.
  5582 | D:5      | Found an iron altar of Okawaru.
  5607 | D:5      | Reached skill level 9 in Axes
  5607 | D:5      | Reached XP level 8. HP: 62/71 MP: 7/7
  6645 | D:5      | Noticed Eustachio
  6664 | D:5      | Killed Eustachio
  7294 | D:6      | Reached skill level 10 in Axes
  8200 | D:6      | Reached XP level 9. HP: 75/80 MP: 8/8
  8264 | D:6      | Found a corrupted altar of Lugonu.
  8269 | D:6      | Found a one-way gate to the infinite horrors of the Abyss.
  9197 | D:8      | Reached skill level 11 in Axes
  9262 | D:8      | Found a staircase to the Lair.
  9562 | D:8      | Noticed a six-headed hydra
  9575 | D:8      | Killed a six-headed hydra
  9652 | D:8      | Reached skill level 10 in Armour
  9653 | D:8      | Noticed a gargoyle
  9683 | D:8      | Reached XP level 10. HP: 47/91 MP: 9/9
  9720 | D:8      | Killed a gargoyle
 10453 | D:8      | Found a sparkling altar of Nemelex Xobeh.
 10636 | D:9      | Noticed a two-headed ogre
 10650 | D:9      | Killed a two-headed ogre
 10651 | D:9      | Reached skill level 12 in Axes
 10866 | D:9      | Reached skill level 5 in Shields
 12114 | D:10     | Entered Level 10 of the Dungeon
 12645 | D:10     | Found a staircase to the Orcish Mines.
 12645 | D:10     | Noticed a two-headed ogre
 12650 | D:10     | Killed a two-headed ogre
 12651 | D:10     | Reached skill level 10 in Fighting
 13897 | D:10     | Found a snail-covered altar of Cheibriados.
 14122 | D:10     | Reached XP level 11. HP: 94/99 MP: 10/10
 14409 | D:10     | Reached skill level 13 in Axes
 14994 | D:11     | Found a frozen archway.
 15002 | D:11     | Gained mutation: Your movements are slightly less
                  | encumbered by armour. (ER -2) [potion of mutation]
 15002 | D:11     | Gained mutation: You tend to lose your temper in combat.
                  | [potion of mutation]
 15109 | IceCv    | Entered an ice cave
 15114 | IceCv    | Lost mutation: Your movements are slightly less encumbered
                  | by armour. (ER -2) [potion of mutation]
 15114 | IceCv    | Lost mutation: You tend to lose your temper in combat.
                  | [potion of mutation]
 15114 | IceCv    | Gained mutation: You are agile. (Dex +2) [potion of
                  | mutation]
 15114 | IceCv    | Gained mutation: Your magical capacity is low. (-10% MP)
                  | [potion of mutation]
 15114 | IceCv    | Gained mutation: Armour fits poorly on your strangely
                  | shaped body. [potion of mutation]
 15115 | IceCv    | Lost mutation: Armour fits poorly on your strangely shaped
                  | body. [potion of mutation]
 15115 | IceCv    | Lost mutation: You are agile. (Dex +2) [potion of mutation]
 15115 | IceCv    | Gained mutation: You are strong-willed. (Will+) [potion of
                  | mutation]
 15115 | IceCv    | Gained mutation: Your magical capacity is very low. (-20%
                  | MP) [potion of mutation]
 15115 | IceCv    | Gained mutation: You are robust. (+10% HP) [potion of
                  | mutation]
 15906 | IceCv    | Noticed a death yak
 15917 | IceCv    | Killed a death yak
 16134 | IceCv    | Noticed a death yak
 16137 | IceCv    | Noticed a death yak
 16143 | IceCv    | Killed a death yak
 16149 | IceCv    | Killed a death yak
 16222 | IceCv    | Noticed an ironbound frostheart
 16222 | IceCv    | Noticed an ironbound frostheart
 16241 | IceCv    | Reached skill level 14 in Axes
 16316 | IceCv    | Killed an ironbound frostheart
 16868 | IceCv    | Reached XP level 12. HP: 121/121 MP: 8/8
 16891 | IceCv    | Reached skill level 10 in Shields
 17511 | IceCv    | Identified the +3 battleaxe of Ragnarok {vorpal, Int+3}
 17673 | D:11     | Identified the +6 falchion "Faomal" {flame, rC+ rN+ Int+5
                  | Dex+4}
 18019 | D:11     | Noticed Psyche
 18026 | D:11     | Killed Psyche
 18214 | D:11     | Noticed Grum
 18240 | D:11     | Killed Grum
 18408 | D:11     | Noticed a death knight
 18417 | D:11     | Killed a death knight
 18780 | D:12     | Noticed a death knight
 18795 | D:12     | Killed a death knight
 18912 | D:12     | Killed from afar by a vampire

Illustrated notes

Levels and vault maps discovered:
D:1:      minmay_arrival_open_corners, layout_basic,
          ebering_ecumenical_altar_petrified
D:2:      layout_rooms, minmay_tiny_reverse_x
D:3:      layout_basic
D:4:      layout_loops_corners, portal_sewer_entry_c, serial_shops, shop,
          minmay_statues_item, uniq_blork_the_orc, uniq_duvessa
D:5:      layout_loops_cross, grunt_temple_overflow_open, uniq_eustachio
D:6:      layout_gridville, st_stairs_14, serial_bayou_pond_c,
          amcnicky_altar_lugonu_corruption
D:7:      layout_layer_cave, trog_hazing_becter, minmay_temple_entry_mist,
          hangedman_minor_gate_pass, uniq_harold
D:8:      layout_rooms, kennysheep_mini_moat, lair_entry_dummy,
          grunt_ministairs_2, kennysheep_kite_vault
D:9:      layout_layer_cave
D:10:     layout_basic, general_overflow_altar, hiddenorc1_lemuel, st_stairs_9
D:11:     layout_basic, portal_ice_cave_entry_ice_simulacra, uniq_grum,
          uniq_psyche
D:12:     hangedman_cross_veins, layout_basic, uniq_fannar

Skill      XL: |  1  2  3  4  5  6  7  8  9 10 11 12 |
---------------+-------------------------------------+-----
Axes           | 4 5 6 7 9 10 11 12 14 | 14.7
Fighting       | 4 5 6 7 9 10 11 12 | 12.1
Armour         | 3 4 5 7 10 11 12 13 | 13.4
Shields        | 2 6 9 11 | 11.9
Dodging        | |  2.3

Action                   |  1- 3 |  4- 6 |  7- 9 | 10-12 || total
-------------------------+-------+-------+-------+-------++-------
Melee: Hand axe          |   104 |   181 |   335 |   822 ||  1442
       Headbutt          |    11 |    20 |    61 |   197 ||   289
       Punch             |     2 |       |     4 |       ||     6
       Flail             |       |       |     5 |       ||     5
Invok: Berserk           |     1 |     2 |    10 |    25 ||    38
       Trog's Hand       |       |       |     1 |     4 ||     5
  Use: Scroll            |       |     1 |     7 |     8 ||    16
       Potion            |       |       |       |     6 ||     6
Armor: Animal skin       |    32 |     1 |       |       ||    33
       Chain mail        |       |    68 |   168 |    20 ||   256
       Plate armour      |       |       |       |   122 ||   122
       Crystal plate arm |       |       |       |   153 ||   153
Dodge: Dodged            |    71 |    55 |   126 |   237 ||   489
Block: Tower shield      |       |       |    56 |   587 ||   643
